 Dungeon Crawl Stone Soup version 0.29-a0-581-ge9a90b782e (webtiles) character file.

Game seed: 7587148219150919420

443 Nedwor the Slasher (level 7, 0/55 HPs)
             Began as a Merfolk Fighter on June 14, 2022.
             Slain by Natasha (7 damage)
             ... on level 4 of the Dungeon.
             The game lasted 00:05:51 (3895 turns).

Nedwor the Slasher (Merfolk Fighter)                Turns: 3895, Time: 00:05:52

Health: 0/55       AC:  0    Str: 16    XL:     7   Next: 2%
Magic:  7/7        EV: 17    Int:  8    God:
Gold:   236        SH:  0    Dex: 20    Spells: 6/6 levels left

rFire   . . .      SeeInvis .   (weapon currently unavailable)
rCold   . . .      Faith    .   (shield currently unavailable)
rNeg    . . .      Spirit   .   (body armour currently unavailable)
rPois   .          Reflect  .   (helmet currently unavailable)
rElec   .          Harm     .   (cloak currently unavailable)
rCorr   .          Rampage  .   (gloves currently unavailable)
Will    .....                   (boots currently unavailable)
Stlth   ++........              (no amulet)
HPRegen 0.18/turn               (ring currently unavailable)
MPRegen 0.10/turn               (ring currently unavailable)

@: bat-form, flying, slowed, quick
A: fast, flying, no casting, tiny, (nimble swimmer 2), (mertail)
a: no special abilities


You were on level 4 of the Dungeon.
You were a bat.
You visited 1 branch of the dungeon, and saw 4 of its levels.

You collected 236 gold pieces.

Inventory:

Hand Weapons
 a - a +0 long sword (melded)
 q - a +3 dagger
 r - the +6 hunting sling of Toehoito {speed, *Corrode Dex+9}
   (You found it on level 4 of the Dungeon)

   Attacks with this weapon are significantly faster.
   Dex:       It affects your dexterity (+9).
   *Corrode:  It may corrode you when you take damage.
Armour
 c - a +0 buckler (melded)
 f - a +0 cloak (melded)
 i - a +0 hat
 m - a +0 helmet (melded)
 o - a +0 chain mail (melded)
Jewellery
 l - a ring of resist corrosion (melded)
Scrolls
 b - a scroll of blinking
Potions
 d - a potion of might
 e - a potion of heal wounds
 g - a potion of mutation
 h - 4 potions of curing
 j - a potion of magic
 n - a potion of brilliance
 p - a potion of ambrosia {unknown}


   Skills:
 + Level 4.7 Fighting
 * Level 5.8 Long Blades
 + Level 3.2 Armour
 + Level 4.3 Shields


You had 6 spell levels left.
You didn't know any spells.
Your spell library contained the following spells:

 Spells                   Type           Power      Damage    Failure   Level
 Freeze                   Ice            0%         1d3       41%         1
 Conjure Flame            Conj/Fire      0%         6-21      78%         3
 Frozen Ramparts          Ice            0%         1d2       78%         3
 Ignite Poison            Fire/Tmut/Pois 0%         N/A       78%         3
 Hailstorm                Conj/Ice       0%         3d3       99%         4
 Sticky Flame             Conj/Fire      0%         2d3       99%         4


Dungeon Overview and Level Annotations

Branches:
Dungeon (4/15)
 Temple: D:4-7

Altars:

Shops:
D:2 [

Annotations:
D:4 Natasha


Innate Abilities, Weirdness & Mutations

You are a bat.
You are tiny and dextrous.
You move quickly.
You are flying.
Your equipment is almost entirely melded.
You are incapable of wielding weapons or throwing items.
You cannot cast spells.
((You are very nimble when in or above water. (Stealth+, EV+, Speed+++)))
((Your lower body shifts to a powerful aquatic tail in water.))


Message History

You hit Natasha.
Natasha is lightly wounded.
Natasha closely misses you.
You hit Natasha.
Natasha is lightly wounded.
Natasha barely misses you.
You hit Natasha.
Natasha is moderately wounded.
Natasha claws you!
Natasha stares at you and mumbles some strange words.
The magic dart hits you!
You hit Natasha.
Natasha is moderately wounded.
Natasha closely misses you.
You hit Natasha but do no damage.
Natasha is moderately wounded.
Natasha barely misses you.
You hit Natasha.
Natasha is heavily wounded.
Natasha misses you.
You barely miss Natasha.
Natasha is heavily wounded.
Natasha misses you. Natasha completely misses you.
You hit Natasha but do no damage.
Natasha is heavily wounded.
Natasha completely misses you.
You hit Natasha.
Natasha is severely wounded.
Natasha misses you.
You hit Natasha.
Natasha is severely wounded.
Natasha stares at you and mumbles some strange words.
The magic dart hits you!
* * * LOW HITPOINT WARNING * * *
You hit Natasha but do no damage.
Natasha is severely wounded.
Natasha claws you!
* * * LOW HITPOINT WARNING * * *
Natasha claws you!
You die...

........# ###)) #
.....#..# ##.).# ..
....###.###...## ... #.##
#........# .... ##
###......... .....
##........[..
......########............
..........................
....###..bh...#...........
. #####...##..........
#####...##.......<..
##..##...............
##...##.h.............
##...###.....##........
##....##...#####........
##....###..##..##.......#
#.....##..##........#....


You could see Natasha.

Vanquished Creatures
  Sigmund (D:2)
  3 orc wizards
  Natasha (D:4)
  7 adders
  3 gnolls (D:2)
  3 worms (D:2)
  4 dart slugs
  7 orcs
  9 ball pythons
  9 bats
  6 endoplasms
  5 giant cockroaches
  4 goblins
  6 hobgoblins
  3 kobolds
  A quokka (D:3)
72 creatures vanquished.

Notes
Turn   | Place    | Note
-------+----------+-------------------------------------------
     0 | D:1      | Nedwor the Merfolk Fighter began the quest for the Orb.
     0 | D:1      | Reached XP level 1. HP: 18/18 MP: 1/1
   301 | D:1      | Reached XP level 2. HP: 23/24 MP: 2/2
   507 | D:1      | Reached skill level 3 in Long Blades
   775 | D:1      | Reached XP level 3. HP: 24/29 MP: 3/3
  1095 | D:2      | Reached XP level 4. HP: 35/37 MP: 4/4
  1175 | D:2      | Found Relibigh's Armour Shop.
  1223 | D:2      | Noticed Sigmund
  1236 | D:2      | Killed Sigmund
  1237 | D:2      | Reached skill level 5 in Long Blades
  1237 | D:2      | Reached XP level 5. HP: 9/43 MP: 5/5
  1237 | D:2      | Reached XP level 6. HP: 11/49 MP: 6/6
  3522 | D:4      | Identified the +6 hunting sling of Toehoito {speed,
                  | *Corrode Dex+9}
  3832 | D:4      | Noticed Natasha
  3857 | D:4      | Killed Natasha
  3858 | D:4      | Reached XP level 7. HP: 33/55 MP: 7/7
  3879 | D:4      | Noticed Natasha
  3895 | D:4      | Slain by Natasha

Illustrated notes

Levels and vault maps discovered:
D:1:      dpeg_arrival_fog, layout_loops_ring
D:2:      layout_basic, serial_shops, nicolae_square_shop,
          hangedman_decor_clover_reticule, uniq_sigmund
D:3:      layout_basic
D:4:      layout_cave_pods, uniq_natasha

Skill      XL: |  1  2  3  4  5  6 |
---------------+-------------------+-----
Long Blades    | 3 5 |  5.8
Fighting       | 4 |  4.7
Shields        | 4 |  4.3
Armour         | 3 |  3.2

Action                   |  1- 3 |  4- 6 |  7- 9 || total
-------------------------+-------+-------+-------++-------
Melee: Long sword        |    60 |   156 |       ||   216
       Unarmed           |       |     8 |    12 ||    20
  Use: Scroll            |       |    14 |       ||    14
       Potion            |       |     2 |       ||     2
Armor: Scale mail        |    41 |    10 |       ||    51
       Chain mail        |       |    56 |       ||    56
       Skin              |       |    15 |       ||    15
Dodge: Dodged            |    34 |    43 |    10 ||    87
Block: Buckler           |    10 |    32 |       ||    42

Table legend: (Time is in decaauts)
 A = Elapsed time spent in this place.
 B = Non-inter-level travel time spent in this place.
 C = Inter-level travel time spent in this place.
 D = Time resting spent in this place.
 E = Time spent auto-exploring this place.
 F = Levels seen in this place.
 G = Mean time per level.
                   A        B        C        D        E       F      G
               +--------+--------+--------+--------+--------+-----+--------+
         Total |   3952 |   3857 |     95 |    611 |   2547 |   4 |  988.0 |
       Dungeon |   3952 |   3857 |     95 |    611 |   2547 |   4 |  988.0 |
               +--------+--------+--------+--------+--------+-----+--------+

Top non-repeatable levels by time:
     D:2: 1384 daAuts
     D:1: 1013 daAuts
     D:3: 952 daAuts
     D:4: 601 daAuts
